 Dungeon Crawl Stone Soup version 0.32-a0-732-ga344392067 (webtiles) character file.

Game seed: 16656158159662847359

33253 gimp the Bludgeoner (level 13, 0/109 (111) HPs)
             Began as an Armataur Monk on Mar 16, 2024.
             Was an Elder of Wu Jian.
             Killed from afar by a lich (40 damage)
             ... with a bolt of cold
             ... on level 1 of the Abyss on Mar 17, 2024.
             The game lasted 00:44:43 (14615 turns).

gimp the Bludgeoner (Armataur Monk)                Turns: 14615, Time: 00:44:43

HP:   0/109 (111)   AC:  5    Str: 19 (20) XL:     13   Next: 35%
MP:   13/13         EV:  9    Int: 17      God:    Wu Jian [****..]
Gold: 1055          SH:  0    Dex:  8 (10) Spells: 12/12 levels left

rFire   . . .        a - +0 dire flail
rCold   . . .        (shield currently unavailable)
rNeg    + . .        H - +7 plate armour of Birdsong {rElec rN+ Will+}
rPois   +            c - +0 helmet
rElec   +            (no cloak)
rCorr   .            g - +1 pair of gloves
SInv    .            (no barding)
Will    +++..        (no amulet)
Stlth   x              - ring "Ihio" {rPois Will++ EV+5 Int+6}
HPRegen 0.38/turn    z - +4 ring of protection
MPRegen 0.13/turn

%: roll
@: confused, mighty, ambrosia-drunk, corroded, hasted, lightly drained, very
quick
A: large, deformed body, tough skin 3, armoured tail, rollpage 2, [clumsy 2],
[subdued magic 2]
a: Renounce Religion, Wall Jump, Serpent's Lash


You were on level 1 of the Abyss.
You worshipped Wu Jian.
Wu Jian was greatly pleased with you.
You visited 4 branches of the dungeon, and saw 16 of its levels.
You visited the Abyss 1 time.
You also visited: Sewer.

You collected 1447 gold pieces.
You spent 392 gold pieces at shops.

Inventory:

Hand Weapons
 a - a +0 dire flail (weapon)
 b - a +0 flail of protection
 L - a +0 whip of venom
Missiles
 r - 9 curare-tipped darts
Armour
 c - a +0 helmet (worn)
 d - an orb of light
 g - a +1 pair of gloves (worn)
 j - a +2 ring mail of cold resistance
 H - the +7 plate armour of Birdsong (worn) {rElec rN+ Will+}
   (You found it on level 10 of the Dungeon)

   rElec:     It insulates you from electricity.
   rN+:       It protects you from negative energy.
   Will+:     It increases your willpower.
Jewellery
 h - a ring of resist corrosion
 p - a ring of see invisible
 x - the ring "Ihio" (left hand) {rPois Will++ EV+5 Int+6}
   (You found it on level 4 of the Dungeon)

   [ring of evasion]

   EV+5:      It affects your evasion (+5).
   Int+6:     It affects your intelligence (+6).
   rPois:     It protects you from poison.
   Will++:    It greatly increases your willpower.
 z - a +4 ring of protection (right hand)
 B - a ring of willpower
 G - a ring of ice
Wands
 q - a wand of flame (1)
 y - a wand of digging (2)
 D - a wand of roots (6)
Scrolls
 e - 5 scrolls of noise
 i - 7 scrolls of enchant armour
 k - 4 scrolls of fog {unknown}
 l - a scroll of poison
 A - 2 scrolls of revelation {unknown}
 C - 2 scrolls of silence
 E - a scroll of enchant weapon
 F - a scroll of summoning {unknown}
 K - 2 scrolls of vulnerability
Potions
 f - a potion of brilliance
 m - 10 potions of curing
 n - 2 potions of attraction
 s - a potion of magic
 t - a potion of mutation
 w - a potion of haste
 N - 4 potions of ambrosia


   Skills:
 + Level 9.2 Fighting
 - Level 16.0 Maces & Flails
 + Level 14.3 Armour
 - Level 2.1 Dodging


You had 12 spell levels left.
You didn't know any spells.
Your spell library contained the following spells:

 Spells                   Type           Power      Damage    Failure   Level
 Kiss of Death            Conj/Necr      0%         2d5       95%         1
 Slow                     Hex            0%         N/A       95%         1
 Summon Small Mammal      Summ           0%         N/A       95%         1
 Cigotuvi's Dreadful Rot  Necr/Alch/Air  0%         N/A       99%         2
 Call Canine Familiar     Summ           0%         N/A       100%        3
 Confusing Touch          Hex            0%         N/A       100%        3
 Fugue of the Fallen      Necr           0%         N/A       100%        3
 Ozocubu's Armour         Ice            0%         N/A       100%        3
 Vampiric Draining        Necr           0%         2d6       100%        3
 Volatile Blastmotes      Fire/Tloc      0%         2d10      100%        3
 Dispel Undead            Necr           0%         3d6       100%        4
 Fulminant Prism          Conj/Alch      0%         3d5       100%        4
 Ignite Poison            Fire/Alch      0%         N/A       100%        4
 Iskenderun's Mystic Bla  Conj/Tloc      0%         2d3       100%        4
 Manifold Assault         Tloc           0%         N/A       100%        4
 Summon Blazeheart Golem  Fire/Summ      0%         N/A       100%        4
 Freezing Cloud           Conj/Ice/Air   0%         6-21      100%        5
 Haunt                    Necr/Summ      0%         N/A       100%        7
 Borgnjor's Revivificati  Necr           0%         N/A       100%        8
 Death's Door             Necr           0%         N/A       100%        9


Dungeon Overview and Level Annotations

Branches:
Dungeon (12/15)            Temple (1/1) D:6            Lair (1/5) D:11
    Orc (2/2) D:11            Elf (0/3) Orc:2         Sewer (visited)

Altars:
Ashenzari
Cheibriados
Dithmenos
Elyvilon
Fedhas
Gozag
Hepliaklqana
Kikubaaqudgha
Makhleb
Nemelex Xobeh
Okawaru
Qazlal
Ru
Sif Muna
Trog
Uskayaw
Vehumet
Wu Jian
Xom
Yredelemnul
Zin
The Shining One
Beogh

Shops:
D:2 ?   Orc:1 ((:   Orc:2 *!(*

Annotations:
D:4 3 runed translucent doors, exclusion: 3 doors, Gazog's ghost, amateur GnSh
D:6 Jeremiah
D:12 Kirke
Lair:1 Sonja


Innate Abilities, Weirdness & Mutations

Armour fits poorly on your strangely shaped body.
You have extremely tough skin. (AC +3)
You have a long armoured tail.
You regenerate magic and health when rolling toward enemies. (Rampage Regen)
[You are very clumsy. (Dex -4)]
[Your spells are easier to cast, but less powerful.]


Message History

The worldbinder hits you but does no damage.
You take 3 damage, and have 96/109 hp.
You hit the worldbinder but do no damage.
You tail-slap the worldbinder, but do no damage.
The worldbinder is heavily damaged.
You barely miss the worldbinder.
The worldbinder is heavily damaged.
You hit the worldbinder.
You tail-slap the worldbinder, but do no damage.
The worldbinder is heavily damaged.
The worldbinder hits you but does no damage.
The worldbinder barely misses you. The rust devil hits you.
The rust devil corrodes you!
You take 2 damage, and have 95/109 hp.
You hit the worldbinder but do no damage.
You tail-slap the worldbinder, but do no damage.
The worldbinder is heavily damaged.
You hit the worldbinder but do no damage.
You tail-slap the worldbinder, but do no damage.
The worldbinder is heavily damaged.
The worldbinder closely misses you. The worldbinder hits you.
You hear some strange, mumbled words.
You take 3 damage, and have 92/109 hp.
You hit the worldbinder but do no damage.
You tail-slap the worldbinder, but do no damage.
The worldbinder is heavily damaged.
The rust devil closely misses you.
The worldbinder hits you but does no damage.
The worldbinder hits you.
You take 1 damage, and have 91/109 hp.
You puncture the worldbinder!
The worldbinder is severely damaged.
The small abomination hits you.
You take 5 damage, and have 86/109 hp.
You hit the worldbinder but do no damage.
The worldbinder is severely damaged.
The worldbinder barely misses you.
The worldbinder hits you but does no damage.
A raiju comes into view.
The raiju barks!
You hit the worldbinder but do no damage.
You tail-slap the worldbinder, but do no damage.
The worldbinder is severely damaged.
The small abomination closely misses you.
You hit the worldbinder but do no damage.
The worldbinder is severely damaged.
The worldbinder barely misses you. x2
You barely miss the worldbinder.
You tail-slap the worldbinder, but do no damage.
The worldbinder is severely damaged.
The small abomination hits you!!
You take 18 damage, and have 70/109 hp.
Okay, then.
Unknown command.
Something unexpectedly blocks you, preventing you from rolling!
You hit something but do no damage. Something touches you.
You partially resist.
You feel drained.
The worldbinder calls forth creatures from the Spider Nest!
You take 3 damage, and have 67/108 hp.
Okay, then.
Aiming: Wall Jump
Press: ? - help, Dir - move target
Okay, then.
Unknown command.
Unknown command.
Unknown command.
You impale the worldbinder!!
You destroy the worldbinder!
The Council accepts your kill.
The tarantella disappears in a puff of smoke!
The orb spider disappears in a puff of smoke!
The wolf spider disappears in a puff of smoke!
The small abomination hits you.
You take 6 damage, and have 61/110 hp.
You spin and attack the large abomination repeatedly.
You hit the large abomination but do no damage.
You barely miss the large abomination.
Your tail-slap misses the large abomination.
The large abomination hits you!!
You take 28 damage, and have 34/110 hp.
MASSIVE DAMAGE!!
Press: ? - help, v - describe, . - travel The floor, spattered with blood.
Unknown command.
Okay, then.
You enter the shallow water.
You hear a splashing noise.
Something touches you.
* * * LOW HITPOINT WARNING * * *
You partially resist.
You feel drained.
You take 2 damage, and have 33/109 hp.
You are confused.
You feel invigorated.
You regained 2 hp, and now have 36/109 hp.
You regained 3 hp, and now have 39/109 hp.
Something touches you.
You take 1 damage, and have 38/109 hp.
You hear some strange, mumbled words.
A bolt of cold appears from out of thin air!
The bolt of cold hits you!!!
You die...

##. . 1 .####
#.###.... ..###
## . ##..###.. #
# . .# #.##...#..
##.# . #. ####.
.4 .#
#.#####1#.##
#..### ..x#
#@#.####.## §##
##{##.###.#
≈~~~~~...#~. x.#
.≈≈♣≈~~~≈Xh♣# ##
.## . ##≈~~~~~~♣~
##.#....##..~~~~~
...##.##.#.#
..... .## .# ##.#
#.### #.. # # . #


You could see a large abomination and a raiju.

Vanquished Creatures
  A tentacled starspawn (Abyss:1)
  Josephine (D:10)
  Fannar (D:10)
  Erolcha (D:10)
  2 two-headed ogres (D:12)
  A spriggan skeleton (Abyss:1)
  A death yak (D:10)
  A boulder beetle (D:11)
  A thrashing horror (Abyss:1)
  3 orc high priests (Orc:2)
  Nergalle (D:10)
  2 wretched stars (Abyss:1)
  4 orc knights
  8 orc sorcerers
  2 worldbinders (Abyss:1)
  2 cyclopes
  An ugly thing (D:12)
  4 kobold blastminers
  A smoke demon (Abyss:1)
  An unseen horror (D:10)
  A cane toad (Lair:1)
  A large abomination (Abyss:1)
  A gargoyle (D:11)
  4 kobold demonologists
  2 komodo dragons
  3 trolls
  2 polar bears
  A hornet (D:8)
  A queen bee (Lair:1)
  A raiju (Abyss:1)
  2 small abominations (Abyss:1)
  A shadow (D:10)
  5 wraiths
  3 wyverns (D:10)
  A centaur simulacrum (D:10)
  4 starcursed masses (Abyss:1)
  2 steam dragons (D:7)
  9 yaks
  A warg (Orc:1)
  2 acid dragons
  2 water moccasins (Lair:1)
  Duvessa (D:7)
  An ice beast (D:10)
  4 sky beasts
  3 ogres (Orc:1)
  12 orc warriors
  2 wolves (D:10)
  2 centaurs
  3 boggarts (D:9)
  A phantom (D:5)
  2 bullfrogs
  5 kobold brigands
  2 brain worms (Sewer)
  3 scorpions
  A gnoll sergeant (D:11)
  5 wights (D:8)
  Dowan (D:7)
  25 killer bees
  3 howler monkeys
  An electric eel (D:10)
  A bombardier beetle (D:6)
  2 hounds (D:5)
  2 jellies
  22 orc priests
  A gnoll bouda (D:5)
  An iguana (D:7)
  18 orc wizards
  Robin (D:2)
  11 gnolls
  9 adders
  3 river rats
  5 white imps
  2 ufetubi (D:6)
  3 dart slugs
  3 ribbon worms
  47 orcs
  4 bats (D:2)
  4 endoplasms
  2 giant cockroaches
  13 goblins
  10 hobgoblins
  7 jackals (D:3)
  6 quokkas
  14 ball pythons
  10 frilled lizards
  13 kobolds
  7 rats
386 creatures vanquished.

Vanquished Creatures (others)
  3 orcs
  2 starspawn tentacles (Abyss:1)
5 creatures vanquished.

Grand Total: 391 creatures vanquished

Notes
Turn   | Place    | Note
-------+----------+-------------------------------------------
     0 | D:1      | gimp the Armataur Monk began the quest for the Orb.
     0 | D:1      | Reached XP level 1. HP: 18/18 MP: 1/1
   381 | D:1      | Reached skill level 3 in Maces & Flails
   457 | D:1      | Reached XP level 2. HP: 25/25 MP: 2/2
   778 | D:2      | Found Kokuishro's Magic Scroll Emporium.
   789 | D:2      | Bought 2 scrolls of identify for 44 gold pieces
   971 | D:2      | Reached XP level 3. HP: 27/31 MP: 3/3
  1226 | D:2      | Noticed a scorpion
  1228 | D:2      | Noticed Robin
  1269 | D:1      | Killed a scorpion
  1270 | D:1      | Reached skill level 4 in Maces & Flails
  1270 | D:1      | Reached XP level 4. HP: 15/38 MP: 4/4
  1405 | D:2      | Killed Robin
  1433 | D:2      | Reached XP level 5. HP: 46/46 MP: 5/5
  1670 | D:2      | Found a faded altar of an unknown god.
  2368 | D:4      | Reached skill level 5 in Maces & Flails
  2645 | D:4      | Reached XP level 6. HP: 51/52 MP: 6/6
  2692 | D:4      | Found a glowing drain.
  2727 | Sewer    | Entered a sewer
  3034 | Sewer    | Reached skill level 6 in Maces & Flails
  3034 | Sewer    | Gained mutation: You regenerate magic and health when
                  | rolling toward enemies. (Rampage Regen) [Armataur growth]
  3034 | Sewer    | Reached XP level 7. HP: 39/60 MP: 7/7
  3104 | D:4      | Identified the ring "Ihio" {rPois Will++ EV+5 Int+6}
  3240 | D:4      | Found a runed translucent gate.
  3240 | D:4      | Found a runed translucent gate.
  3241 | D:4      | Found a runed translucent gate.
  3241 | D:4      | Identified the +1 leather armour of Hismu {rCorr Int+5}
  3241 | D:4      | Noticed Gazog's ghost (amateur GnSh)
  3429 | D:4      | Found a roughly hewn altar of Beogh.
  3455 | D:5      | Entered Level 5 of the Dungeon
  3638 | D:5      | Reached skill level 5 in Fighting
  3832 | D:5      | Found a white marble altar of Elyvilon.
  3948 | D:5      | Reached skill level 7 in Maces & Flails
  4366 | D:6      | Found a staircase to the Ecumenical Temple.
  4366 | D:6      | Noticed Jeremiah
  4428 | Temple   | Entered the Ecumenical Temple
  4440 | Temple   | Became a worshipper of the Wu Jian Council
  4440 | Temple   | Reached * piety under Wu Jian
  4440 | Temple   | Reached ** piety under Wu Jian
  4618 | D:6      | Reached XP level 8. HP: 51/59 MP: 8/8
  4806 | D:7      | Reached skill level 8 in Maces & Flails
  4873 | D:7      | Found a shadowy altar of Dithmenos.
  4910 | D:7      | Noticed Dowan
  4912 | D:7      | Noticed Duvessa
  4943 | D:7      | Killed Duvessa
  4946 | D:7      | Killed Dowan
  5472 | D:7      | Found a hide-covered altar of Uskayaw.
  5673 | D:8      | Reached skill level 9 in Maces & Flails
  5878 | D:8      | Noticed a hornet
  5893 | D:8      | Killed a hornet
  5894 | D:8      | Reached XP level 9. HP: 59/78 MP: 9/9
  6001 | D:8      | Reached skill level 1 in Armour
  6044 | D:8      | Reached skill level 10 in Maces & Flails
  6155 | D:8      | Reached *** piety under Wu Jian
  6295 | D:9      | Noticed a troll
  6305 | D:9      | Killed a troll
  6598 | D:9      | Reached skill level 11 in Maces & Flails
  6605 | D:9      | Reached skill level 5 in Armour
  6777 | D:9      | Found a glowing golden altar of the Shining One.
  6940 | D:10     | Entered Level 10 of the Dungeon
  6948 | D:10     | Noticed Josephine
  6948 | D:10     | Noticed a kobold demonologist
  6950 | D:10     | Noticed a hellwing
  6999 | D:10     | Noticed Erolcha
  7015 | D:10     | Killed Erolcha
  7016 | D:10     | Reached XP level 10. HP: 51/86 MP: 10/10
  7611 | D:10     | Noticed a sixfirhy
  7663 | D:10     | Noticed Nergalle
  7718 | D:10     | Killed Nergalle
  7719 | D:10     | Reached skill level 12 in Maces & Flails
  8020 | D:10     | Noticed a death yak
  8046 | D:10     | You fall into a shaft and drop 2 floors!
  8052 | D:12     | Noticed a two-headed ogre
  8062 | D:12     | Noticed Kirke
  8069 | D:12     | Killed a two-headed ogre
  8070 | D:12     | Noticed a two-headed ogre
  8077 | D:12     | Killed a two-headed ogre
  8083 | D:12     | Reached XP level 11. HP: 69/92 MP: 11/11
  8158 | D:11     | Reached skill level 13 in Maces & Flails
  8205 | D:11     | Reached **** piety under Wu Jian
  8539 | D:10     | Noticed Fannar
  8578 | D:10     | Killed Fannar
  8718 | D:10     | Killed Josephine
  8766 | D:10     | Killed a death yak
  8920 | D:10     | Identified the +7 plate armour of Birdsong {rElec rN+
                  | Will+}
  8948 | D:10     | Reached skill level 14 in Maces & Flails
  8964 | D:10     | Reached skill level 10 in Armour
  9419 | D:11     | Found a staircase to the Lair.
  9512 | D:11     | Reached ***** piety under Wu Jian
  9604 | D:11     | Found a staircase to the Orcish Mines.
  9684 | D:11     | Noticed a boulder beetle
  9765 | D:11     | Killed a boulder beetle
 10248 | D:12     | Noticed a white ugly thing
 10262 | D:12     | Killed a white ugly thing
 10263 | D:12     | Reached XP level 12. HP: 100/100 MP: 12/12
 10314 | Orc:1    | Entered Level 1 of the Orcish Mines
 10396 | D:11     | Reached skill level 15 in Maces & Flails
 10489 | Orc:1    | Found Vuapijys's Weapon Emporium.
 10510 | Orc:1    | Found Ekorgh's Antique Weapon Boutique.
 10885 | Orc:1    | Found Memuiton's Book Emporium.
 10974 | Orc:2    | Entered Level 2 of the Orcish Mines
 11052 | Orc:2    | Found a staircase to the Elven Halls.
 11652 | Orc:2    | Noticed an orc high priest
 11962 | Orc:2    | Killed an orc high priest
 12337 | Orc:2    | Noticed an orc high priest
 12350 | Orc:2    | Killed an orc high priest
 12361 | Orc:2    | Noticed an orc high priest
 12405 | Orc:2    | Killed an orc high priest
 12406 | Orc:2    | Reached skill level 16 in Maces & Flails
 12779 | Orc:2    | Found Vavveas's General Store.
 12791 | Orc:2    | Found Duetz's Distillery.
 12796 | Orc:2    | Bought a scroll of fear for 64 gold pieces
 12796 | Orc:2    | Bought a scroll of teleportation for 48 gold pieces
 12799 | Orc:2    | Bought a potion of curing for 36 gold pieces
 12799 | Orc:2    | Bought a potion of curing for 36 gold pieces
 12799 | Orc:2    | Bought a potion of curing for 36 gold pieces
 12799 | Orc:2    | Found Nuiggioz's Weapon Boutique.
 12801 | Orc:2    | Found Feik's Assorted Antiques.
 12816 | Orc:2    | Bought a scroll labelled CEUSIA QIRGHOLU for 32 gold pieces
 12816 | Orc:2    | Bought a scroll labelled CUPUCWU HOSY for 32 gold pieces
 12816 | Orc:2    | Bought a scroll of identify for 64 gold pieces
 12935 | Lair:1   | Entered Level 1 of the Lair of Beasts
 13288 | Lair:1   | Reached XP level 13. HP: 107/107 MP: 13/13
 13358 | Lair:1   | Noticed Sonja
 13366 | Abyss:1  | Cast into level 1 of the Abyss (Sonja)
 13534 | Abyss:1  | Noticed a tentacled starspawn
 13554 | Abyss:1  | Killed a tentacled starspawn
 13770 | Abyss:1  | Found a corrupted altar of Lugonu.
 13847 | Abyss:1  | Noticed a tentacled starspawn
 13982 | Abyss:1  | HP: 1/111 [raiju/living lightning (7)]
 14013 | Abyss:1  | Noticed a starcursed mass
 14060 | Abyss:1  | Found a corrupted altar of Lugonu.
 14125 | Abyss:1  | Noticed a tentacled starspawn
 14130 | Abyss:1  | Found a corrupted altar of Lugonu.
 14216 | Abyss:1  | Noticed a bone dragon
 14226 | Abyss:1  | Noticed a bone dragon
 14564 | Abyss:1  | Noticed a Hell Sentinel
 14565 | Abyss:1  | Noticed a lich
 14615 | Abyss:1  | Killed from afar by a lich

Illustrated notes

Levels and vault maps discovered:
D:1:      minmay_arrival_shattered_statue, layout_loops_corners,
          hangedman_abyss_or_decor_stabs
D:2:      layout_basic, shapermc_ecumenical_altar_hornbeckon, serial_shops,
          shop_scrolls, patterned_corridor, uniq_robin
D:3:      layout_basic
D:4:      layout_loops_ring, portal_sewer_entry_a, biasface_ghost_orc_armoury
D:5:      kennysheep_spiral_hall, layout_cave_pools, amcnicky_altar_gilded,
          small_statue_intersection
D:6:      layout_basic, minmay_temple_entry_ruins, uniq_sigmund, uniq_jeremiah
D:7:      layout_rooms, mainiacjoe_overflow_swirl, uniq_duvessa
D:8:      layout_basic
D:9:      layout_rooms, lemuel_coloured_pillars_altar
D:10:     layout_roguey, serial_ice, serial_ice_k, serial_ice_b, serial_ice_m,
          serial_ice_d, serial_ice_a, serial_ice_g, uniq_josephine,
          uniq_nergalle, uniq_fannar, uniq_erolcha
D:11:     layout_loops_ring, erik_lair_orcish_takeover, erik_orc_3
D:12:     layout_big_octagon, lemuel_nasty_fountain, uniq_kirke
Temple:   dpeg_three_leaves_temple
Lair:1:   layout_roguey [special_room_bee], uniq_sonja
Orc:1:    layout_diamond_mine, serial_shops, nicolae_shop_window_shopping,
          nicolae_shop_behind_doors, nicolae_shop_bloodbath_and_beyond
Orc:2:    st_orc_elflike, layout_diamond_mine
Abyss:1:  base:
D:8

Skill      XL: |  1  2  3  4  5  6  7  8  9 10 11 12 13 |
---------------+----------------------------------------+-----
Maces & Flails | 3 4 5 6 7 9 11 12 14 16 | 16.0
Fighting       | 3 4 5 6 7 8 9 |  9.2
Armour         | 5 8 10 13 14 | 14.3
Dodging        | |  2.1

Action                     |  1- 3 |  4- 6 |  7- 9 | 10-12 | 13-15 || total
---------------------------+-------+-------+-------+-------+-------++-------
  Melee: Mace              |    76 |   170 |   257 |       |       ||   503
         Tailslap          |    11 |    24 |    63 |   229 |    53 ||   380
         Flail             |       |       |   136 |   749 |   101 ||   986
         Dire flail        |       |       |       |   178 |   151 ||   329
         Whip              |       |       |       |    98 |       ||    98
  Throw: Dart              |       |     2 |     3 |    15 |       ||    20
 Invoke: Heavenly Storm    |       |       |       |     2 |       ||     2
Ability: Whirlwind         |       |       |    21 |    83 |    39 ||   143
         Lunge             |       |       |    14 |    63 |    16 ||    93
  Evoke: Wand              |       |       |       |     1 |     5 ||     6
    Use: Scroll            |     2 |     3 |     2 |     8 |     4 ||    19
         Potion            |     2 |       |     2 |     1 |    11 ||    16
 Armour: Robe              |    14 |       |       |       |       ||    14
         Ring mail         |    63 |   110 |   263 |   188 |       ||   624
         Skin              |       |       |    34 |       |    14 ||    48
         Plate armour      |       |       |       |   467 |   178 ||   645
  Dodge: Dodged            |    41 |    70 |   229 |   480 |    55 ||   875

Table legend: (Time is in decaauts)
 A = Elapsed time spent in this place.
 B = Non-inter-level travel time spent in this place.
 C = Inter-level travel time spent in this place.
 D = Time resting spent in this place.
 E = Time spent auto-exploring this place.
 F = Levels seen in this place.
 G = Mean time per level.
                   A        B        C        D        E       F      G
               +--------+--------+--------+--------+--------+-----+--------+
         Total |  14336 |  13701 |    635 |   1376 |   8777 |  18 |  796.4 |
       Dungeon |  10163 |   9652 |    511 |    532 |   6935 |  12 |  846.9 |
        Temple |     24 |     13 |     11 |      0 |      0 |   1 |   24.0 |
          Lair |    274 |    274 |      0 |      0 |    159 |   1 |  274.0 |
  Orcish Mines |   2370 |   2258 |    112 |    489 |   1126 |   2 | 1185.0 |
         Abyss |   1173 |   1173 |      0 |    354 |    382 |   1 | 1173.0 |
         Sewer |    330 |    330 |      0 |      0 |    175 |   1 |  330.0 |
               +--------+--------+--------+--------+--------+-----+--------+

Top non-repeatable levels by time:
    D:10: 1832 daAuts
    D:11: 1350 daAuts
   Orc:1: 1326 daAuts
 Abyss:1: 1173 daAuts
     D:5: 1071 daAuts
   Orc:2: 1043 daAuts
     D:1: 938 daAuts
     D:9: 908 daAuts
     D:7: 847 daAuts
     D:4: 808 daAuts
     D:2: 800 daAuts
     D:8: 741 daAuts
     D:3: 620 daAuts
   Sewer: 330 daAuts
  Lair:1: 274 daAuts
